 Dungeon Crawl Stone Soup version 0.31-a0-728-g01b46875f1 (webtiles) character file.

Game seed: 11873821247126673651

9864 Newt the Markskobold (level 11, -16/58 HPs)
             Began as a Kobold Hunter on Sept 11, 2023.
             Was a Priest of Hepliaklqana.
             Demolished by a two-headed ogre
             ... wielding a +0 giant club
              (23 damage)
             ... on level 10 of the Dungeon.
             The game lasted 00:12:56 (10237 turns).

Newt the Markskobold (Kobold Hunter)               Turns: 10237, Time: 00:12:56

Health: -16/58     AC: 13    Str:  8    XL:     11   Next: 82%
Magic:  0/22       EV: 20    Int: 15    God:    Hepliaklqana [***...]
Gold:   368        SH:  2    Dex: 24    Spells: 21/25 levels left

rFire   . . .        a - +4 shortbow
rCold   . . .        (shield currently unavailable)
rNeg    + . .        H - +2 troll leather armour
rPois   +            k - +0 helmet
rElec   .            h - +2 ratskin cloak {*Rats rPois rN+ Str-1 Int-1 Dex+1}
rCorr   +            M - +0 pair of gloves
SInv    .            w - +0 pair of boots
Will    .....        e - amulet of guardian spirit
Stlth   +++          l - +6 ring of intelligence
HPRegen 1.09/turn    u - ring of the Octopus King {rCorr HP+2 AC+2 EV+2 SH+2}
MPRegen 0.18/turn

%: guardian spirit
@: slowed, very slow
A: reduced essence, small, no large weapons, nightstalker 3
a: Renounce Religion, Recall Ancestor, Ancestor Identity, Transference


You were on level 10 of the Dungeon.
You worshipped Hepliaklqana.
Hepliaklqana was most pleased with you.
You visited 2 branches of the dungeon, and saw 12 of its levels.
You also visited: Ossuary.

You collected 648 gold pieces.
You spent 280 gold pieces at shops.

Inventory:

Hand Weapons
 a - a +4 shortbow (weapon)
Missiles
 i - 4 boomerangs
Armour
 c - a +0 leather armour
 d - a +0 cloak
 h - the +2 ratskin cloak (worn) {*Rats rPois rN+ Str-1 Int-1 Dex+1}
   (You found it on level 2 of the Dungeon)

   *Rats:     When the wearer is hurt, rats may emerge from it to assist them.
   Str-1:     It affects your strength (-1).
   Int-1:     It affects your intelligence (-1).
   Dex+1:     It affects your dexterity (+1).
   rPois:     It protects you from poison rN+: It protects you from negative
   energy.
 j - a +1 leather armour of cold resistance
 k - a +0 helmet (worn)
 n - a +0 leather armour of willpower
 w - a +0 pair of boots (worn)
 H - a +2 troll leather armour (worn)
 L - a +1 leather armour of fire resistance
 M - a +0 pair of gloves (worn)
Jewellery
 e - an amulet of guardian spirit (around neck)
 l - a +6 ring of intelligence (left hand)
 p - a ring of poison resistance
 u - a ring of the Octopus King (right hand) {rCorr HP+2 AC+2 EV+2 SH+2}
   (You found it on level 5 of the Dungeon)

   [ring of resist corrosion]

   AC+2:      It affects your AC (+2).
   EV+2:      It affects your evasion (+2).
   HP+2:      It affects your health (+2).
   rCorr:     It protects you from acid and corrosion.
   SH+2:      It affects your SH (+2).
 y - a ring of flight
 G - a +6 ring of strength
 I - a ring of fire
 O - a ring of magical power
Wands
 x - a wand of paralysis (9)
 A - a wand of flame (33)
Scrolls
 b - a scroll of butterflies
 g - 2 scrolls of immolation
 m - 2 scrolls of vulnerability
 F - a scroll of poison
 K - 2 scrolls of teleportation
 N - a scroll of noise {unknown}
 P - a scroll of fear
Potions
 f - 4 potions of haste
 o - 2 potions of attraction
 r - a potion of curing
 s - a potion of brilliance
 t - a potion of mutation
 v - 2 potions of degeneration
 z - a potion of lignification
 B - 3 potions of enlightenment
 C - 3 potions of might
 D - 2 potions of cancellation
 E - 2 potions of magic


   Skills:
 - Level 5.0 Fighting
 + Level 17.3 Ranged Weapons
 - Level 1.3 Armour
 - Level 6.0 Dodging
 - Level 1.3 Stealth
 - Level 7.7 Spellcasting
 - Level 7.6 Hexes
 - Level 7.6 Translocations


You had 21 spell levels left.
You knew the following spells:

 Your Spells              Type           Power      Damage    Failure   Level
a - Dimensional Bullseye  Hex/Tloc       14%        N/A       8%          4

Your spell library contained the following spells:

 Spells                   Type           Power      Damage    Failure   Level
 Tukima's Dance           Hex            28%        N/A       2%          3
 Ensorcelled Hibernation  Hex/Ice        34%        N/A       5%          2
 Passwall                 Tmut/Erth      4%         N/A       26%         2
 Iskenderun's Mystic Bla  Conj/Tloc      17%        2d5       34%         4
 Ozocubu's Armour         Ice            5%         N/A       45%         3
 Swiftness                Air            5%         N/A       45%         3
 Ozocubu's Refrigeration  Ice            2%         4d8       100%        7


Dungeon Overview and Level Annotations

Branches:
Dungeon (11/15)            Temple (1/1) D:5         Ossuary (visited)
   Lair: D:8-11         Orc: D:9-12

Altars:
Ashenzari
Cheibriados
Dithmenos
Elyvilon
Fedhas
Gozag
Hepliaklqana
Kikubaaqudgha
Makhleb
Nemelex Xobeh
Okawaru
Qazlal
Ru
Sif Muna
Trog
Uskayaw
Vehumet
Wu Jian
Xom
Yredelemnul
Zin
The Shining One

Shops:
D:6 :([:=


Innate Abilities, Weirdness & Mutations

Your life essence is reduced to manifest your ancestor. (-10% HP)
You are small and have problems with some larger weapons.
You are completely attuned to the shadows.


Message History

The wraith misses you.
You shoot an arrow. The arrow hits the wraith.
The wraith is severely damaged.
The wraith hits you!
* * * LOW HITPOINT WARNING * * *
You shoot an arrow. The arrow hits the wraith!
The wraith is almost destroyed.
You block the wraith's attack.
You shoot an arrow. The arrow hits the wraith.
The wraith is almost destroyed.
The wraith misses you.
You shoot an arrow. The arrow barely misses the wraith.
The wraith hits you but does no damage. The wraith closely misses you.
Unknown command.
You shoot an arrow. The arrow hits the wraith.
The wraith is almost destroyed.
The wraith hits you. The wraith drains your vigour!
You feel as though you will be slow longer.
Unknown command.
You shoot an arrow. The arrow hits the wraith.
You destroy the wraith!
Unknown command.
You shoot an arrow.
The arrow completely misses the two-headed ogre.
You shoot an arrow. The arrow hits the two-headed ogre.
The two-headed ogre is lightly wounded.
You shoot an arrow.
The arrow hits the two-headed ogre but does no damage.
The two-headed ogre is lightly wounded.
The two-headed ogre is no longer paralysed.
The two-headed ogre hits you with a +0 giant club!
* * * LOW HITPOINT WARNING * * *
A hell rat scurries out from under your cloak.
The two-headed ogre hits you but does no damage.
You shoot an arrow. The arrow hits the two-headed ogre.
The two-headed ogre is lightly wounded.
The two-headed ogre hits you with a +0 giant club.
* * * LOW HITPOINT WARNING * * *
The two-headed ogre hits you with a +0 giant club!!
You die...

#.#.........#...)..#
#..
#.#########........#
#.. ##.# ##.......#
########.. ...#
##......####.........
####
##..#####...######..
###..## #..### #..
#..r..###.## #..
#.#O##....# #..
#...@..#### #..
######## #.. ###


You could see a two-headed ogre (ally target) and a friendly hell rat.

Vanquished Creatures
  Josephine (D:11)
  A death knight (D:11)
  A two-headed ogre (D:8)
  A kobold demonologist (D:9)
  4 yaks (D:8)
  Sigmund (D:2)
  A shadow (D:10)
  4 wraiths
  A wyvern (D:8)
  A steam dragon (D:9)
  An acid dragon (D:10)
  3 water moccasins
  2 black bears
  3 orc warriors
  An ice beast (D:5)
  2 sky beasts
  An ogre (D:5)
  2 centaurs
  2 phantoms (D:5)
  A kobold brigand (D:10)
  4 bullfrogs
  A gnoll sergeant (D:9)
  3 scorpions
  15 wights
  3 howler monkeys
  3 hounds
  A human zombie (Ossuary)
  3 jellies
  5 orc priests
  A gnoll bouda (D:6)
  2 iguanas
  A sleepcap (D:6)
  11 orc wizards
  A mummy (Ossuary)
  Robin (D:3)
  11 adders
  5 gnolls
  5 white imps
  3 ufetubi (D:5)
  2 adder zombies (Ossuary)
  3 worms
  A dart slug (D:1)
  26 orcs
  4 ball pythons
  8 endoplasms
  7 giant cockroaches
  15 goblins
  14 hobgoblins
  4 jackals (D:3)
  14 kobolds
  A quokka (D:5)
  4 bats
  3 frilled lizards
  12 hobgoblin zombies (Ossuary)
  2 jackal zombies (Ossuary)
  8 kobold zombies (Ossuary)
  6 orc zombies (Ossuary)
  4 rats
  2 rat zombies (Ossuary)
253 creatures vanquished.

Vanquished Creatures (collateral kills)
  Sonja (D:10)
  Joseph (D:9)
  A troll (D:9)
  2 yaks (D:8)
  An ice beast (D:7)
  A centaur (D:8)
  A kobold brigand (D:9)
  An elf zombie (Ossuary)
  3 wights
  A human zombie (Ossuary)
  2 orc wizards (D:7)
  A mummy (Ossuary)
  An adder (D:3)
  A gnoll (D:9)
  6 orcs
  A jackal (D:3)
  A hobgoblin zombie (Ossuary)
  An orc zombie (Ossuary)
27 creatures vanquished.

Vanquished Creatures (others)
  3 knights
  An ancestor (D:7)
4 creatures vanquished.

Grand Total: 284 creatures vanquished

Notes
Turn   | Place    | Note
-------+----------+-------------------------------------------
     0 | D:1      | Newt the Kobold Hunter began the quest for the Orb.
     0 | D:1      | Reached XP level 1. HP: 12/12 MP: 1/1
    82 | D:1      | Reached XP level 2. HP: 18/18 MP: 2/2
   529 | D:1      | Reached XP level 3. HP: 23/23 MP: 3/3
   791 | D:2      | Found a faded altar of an unknown god.
   798 | D:2      | Identified a scroll of acquirement
   799 | D:2      | Acquired a manual of Ranged Weapons
  1179 | D:2      | Reached XP level 4. HP: 30/30 MP: 4/4
  1194 | D:2      | Found the +2 ratskin cloak {*Rats rPois rN+ Str-1 Int-1
                  | Dex+1}
  1294 | D:2      | Identified the +1 dagger of the Thing {heavy, +Blink Fly
                  | Will+++ Str-2}
  1390 | D:2      | Noticed Sigmund
  1403 | D:2      | Killed Sigmund
  1404 | D:2      | Reached skill level 5 in Fighting
  1404 | D:2      | Reached skill level 8 in Ranged Weapons
  1404 | D:2      | Reached XP level 5. HP: 20/35 MP: 2/5
  1404 | D:2      | Reached XP level 6. HP: 23/40 MP: 2/6
  1410 | D:2      | Noticed Robin
  1486 | D:3      | Reached skill level 9 in Ranged Weapons
  1489 | D:3      | Killed Robin
  2014 | D:3      | Identified the +6 hand axe of Blood-Lust {drain, *Rage
                  | rPois Str+2 Stlth+}
  2404 | D:3      | Reached skill level 10 in Ranged Weapons
  2613 | D:3      | Found a stormy altar of Qazlal.
  2613 | D:3      | Noticed a sky beast
  2619 | D:3      | Killed a sky beast
  2620 | D:3      | Reached skill level 11 in Ranged Weapons
  2620 | D:3      | Reached XP level 7. HP: 32/44 MP: 3/7
  3807 | D:5      | Entered Level 5 of the Dungeon
  3825 | D:5      | Reached skill level 12 in Ranged Weapons
  4000 | D:5      | Reached skill level 13 in Ranged Weapons
  4026 | D:5      | Found the ring of the Octopus King
  4030 | D:5      | Identified a ring of the Octopus King {rCorr HP+2 AC+2 EV+2
                  | SH+2}
  4121 | D:5      | Noticed a water moccasin
  4133 | D:5      | Killed a water moccasin
  4134 | D:5      | Reached XP level 8. HP: 46/49 MP: 6/8
  4196 | D:5      | Reached skill level 14 in Ranged Weapons
  4351 | D:5      | Reached skill level 15 in Ranged Weapons
  4351 | D:5      | Reached skill level 1 in Armour
  4372 | D:5      | Found a bloodstained altar of Trog.
  4433 | D:5      | Found a hide-covered altar of Uskayaw.
  4569 | D:5      | Found a staircase to the Ecumenical Temple.
  4604 | Temple   | Entered the Ecumenical Temple
  4613 | Temple   | Became a worshipper of Hepliaklqana the Forgotten
  5087 | D:6      | Found Avvent's Book Shoppe.
  5094 | D:6      | Bought a book of Weapons for 280 gold pieces
  5276 | D:6      | Reached skill level 5 in Dodging
  5360 | D:6      | Reached XP level 9. HP: 54/54 MP: 8/10
  5434 | D:6      | Reached * piety under Hepliaklqana
  5449 | D:6      | Found Diolaasm's Antique Armour Emporium.
  5491 | D:6      | Reached skill level 1 in Spellcasting
  5491 | D:6      | Reached skill level 1 in Hexes
  5491 | D:6      | Reached skill level 1 in Translocations
  5507 | D:6      | Found Sedess's Book Emporium.
  5546 | D:6      | Found Cururuku's Weapon Shop.
  5864 | D:6      | Found Avyjuq's Jewellery Boutique.
  6470 | D:7      | Learned a level 4 spell: Dimensional Bullseye
  6715 | D:7      | Reached XP level 10. HP: 53/53 MP: 16/16
  6974 | D:7      | Found an iron altar of Okawaru.
  6983 | D:7      | Found an ornate altar of the Wu Jian Council.
  6983 | D:7      | Found a shimmering altar of Xom.
  7218 | D:8      | Reached skill level 5 in Spellcasting
  7218 | D:8      | Reached skill level 5 in Hexes
  7218 | D:8      | Reached skill level 5 in Translocations
  7246 | D:8      | Found a sand-covered staircase.
  7251 | Ossuary  | Entered an ossuary
  7543 | D:8      | Reached ** piety under Hepliaklqana
  7544 | D:8      | Remembered your ancestor Vesna as a knight
  7739 | D:8      | Noticed a two-headed ogre
  7745 | D:8      | Killed a two-headed ogre
  8156 | D:9      | Reached XP level 11. HP: 56/56 MP: 19/21
  8181 | D:9      | Noticed Joseph
  8193 | D:9      | Killed Joseph
  8924 | D:9      | Noticed a soul eater
  9043 | D:10     | Entered Level 10 of the Dungeon
  9117 | D:10     | Reached *** piety under Hepliaklqana
  9521 | D:10     | Noticed Sonja
  9524 | D:10     | Paralysed by Sonja for 5 turns
  9533 | D:10     | Paralysed by Sonja for 2 turns
  9536 | D:10     | Killed Sonja
  9537 | D:10     | Reached skill level 16 in Ranged Weapons
  9998 | D:11     | Noticed Josephine
 10012 | D:11     | Killed Josephine
 10015 | D:11     | Noticed a death knight
 10208 | D:11     | Noticed a two-headed ogre
 10210 | D:11     | Killed a death knight
 10211 | D:11     | Reached skill level 17 in Ranged Weapons
 10237 | D:10     | Demolished by a two-headed ogre

Illustrated notes

Levels and vault maps discovered:
D:1:      dpeg_arrival_long_road, layout_loops_ring, st_stairs_3
D:2:      layout_loops_ring, nicolae_ecumenical_pavilion,
          minmay_tree_intersection, uniq_robin, uniq_sigmund
D:3:      layout_basic, nicolae_qazlal_beasts_of_the_sky, minmay_circle_x
D:4:      layout_basic
D:5:      layout_loops_corners, jmf_multi_god_temple,
          minmay_temple_entry_slanted, nicolae_figureground_sparkle
D:6:      minmay_flawed_box, layout_loops_corners, serial_shops,
          nicolae_shop_tiny_glass, shop, nicolae_book_shop_shelving,
          nicolae_shop_tiny_waterfront, nicolae_shop_waterfront
D:7:      layout_loops_ring, gammafunk_temple_overflow_forgotten,
          dreamdust_wishing_well, chequers_garden
D:8:      layout_rooms, enter_ossuary_2
D:9:      layout_loops_ring, uniq_joseph
D:10:     layout_basic, uniq_sonja
D:11:     cheibrodos_fzero, layout_irregular_city, due_lair_maze_entry_diamond,
          gammafunk_ghost_grave, nicolae_beast_mode, uniq_josephine
Temple:   nicolae_temple_elliptical

Skill      XL: |  1  2  3  4  5  6  7  8  9 10 11 |
---------------+----------------------------------+-----
Fighting       | 3 4 5 |  5.0
Ranged Weapons | 8 11 13 15 17 | 17.3
Armour         | 1 |  1.3
Dodging        | 6 |  6.0
Spellcasting   | 4 6 7 |  7.7
Hexes          | 4 6 7 |  7.6
Translocations | 4 6 7 |  7.6
Stealth        | |  1.3

Action                     |  1- 3 |  4- 6 |  7- 9 | 10-12 || total
---------------------------+-------+-------+-------+-------++-------
   Fire: Shortbow          |    96 |   157 |   347 |   426 ||  1026
   Cast: Dimensional Bulls |       |       |       |     5 ||     5
 Invoke: Ancestor Life: Kn |       |       |       |     1 ||     1
  Evoke: Wand              |       |       |       |     4 ||     4
    Use: Scroll            |     6 |     2 |    10 |    10 ||    28
         Potion            |       |       |       |     4 ||     4
 Armour: Leather armour    |    21 |    47 |    47 |    42 ||   157
         Troll leather arm |       |       |       |    52 ||    52
  Dodge: Dodged            |    44 |    60 |    94 |   132 ||   330
  Block: Other             |       |       |     7 |     8 ||    15

Table legend: (Time is in decaauts)
 A = Elapsed time spent in this place.
 B = Non-inter-level travel time spent in this place.
 C = Inter-level travel time spent in this place.
 D = Time resting spent in this place.
 E = Time spent auto-exploring this place.
 F = Levels seen in this place.
 G = Mean time per level.
                   A        B        C        D        E       F      G
               +--------+--------+--------+--------+--------+-----+--------+
         Total |  10095 |   9586 |    509 |    630 |   7485 |  13 |  776.5 |
       Dungeon |   9823 |   9331 |    492 |    630 |   7318 |  11 |  893.0 |
        Temple |     18 |      1 |     17 |      0 |      0 |   1 |   18.0 |
       Ossuary |    252 |    252 |      0 |      0 |    167 |   1 |  252.0 |
               +--------+--------+--------+--------+--------+-----+--------+

Top non-repeatable levels by time:
     D:6: 1257 daAuts
     D:2: 1153 daAuts
     D:5: 1141 daAuts
    D:10: 1103 daAuts
     D:3: 956 daAuts
     D:4: 915 daAuts
     D:9: 898 daAuts
     D:7: 845 daAuts
     D:1: 802 daAuts
     D:8: 672 daAuts
 Ossuary: 252 daAuts
    D:11: 77 daAuts
  Temple: 18 daAuts
